 Dungeon Crawl Stone Soup version 0.22-a0-512-g0943f25 (webtiles) character file.

160 KristoblXynda the Ruffian (level 5, 0/45 HPs)
             Began as a Troll Wizard on June 18, 2018.
             Killed from afar by Sigmund (6 damage)
             ... with a magic dart
             ... on level 2 of the Dungeon.
             The game lasted 00:03:38 (1185 turns).

KristoblXynda the Ruffian (Troll Wizard)            Turns: 1185, Time: 00:03:39

Health: 0/45       AC:  5    Str: 15    XL:     5   Next: 17%
Magic:  2/7        EV:  9    Int: 15    God:
Gold:   64         SH:  0    Dex:  8    Spells: 4/8 levels left

rFire    . . .     SeeInvis .     - Unarmed
rCold    . . .     Gourm    +   (no shield)
rNeg     . . .     Faith    .   a - +0 robe
rPois    .         Spirit   .   b - +0 hat
rElec    .         Reflect  .   (no cloak)
rCorr    .         Harm     .   (gloves unavailable)
MR       .....                  (boots unavailable)
Stlth    +.........             (no amulet)
HPRegen  0.55/turn              (no ring)
MPRegen  0.10/turn              (no ring)

@: confused, very slightly contaminated
A: large, unfitting armour, claws 3, fast metabolism 3, gourmand, regeneration
1, shaggy fur 1, tough skin 2
a: no special abilities


You were on level 2 of the Dungeon.
You were very full.

You visited 1 branch of the dungeon, and saw 2 of its levels.

You collected 64 gold pieces.

Inventory:

Armour
 a - a +0 robe (worn)
 b - a +0 hat (worn)
Scrolls
 c - a scroll of enchant armour {unknown}
 f - 4 scrolls of teleportation {unknown}
 h - a scroll of enchant weapon {unknown}
 j - a scroll of identify {unknown}
Potions
 e - a potion of heal wounds {unknown}
 g - a potion of haste {unknown}
 i - a potion of flight {unknown}
 l - a potion of mutation {unknown}
Comestibles
 d - 5 rations


   Skills:
 - Level 1.5 Dodging
 - Level 1.0 Stealth
 + Level 3.3 Unarmed Combat
 - Level 2.0 Spellcasting
 + Level 2.6 Conjurations
   Level 0.6 Summonings
   Level 0.6 Translocations


You had 4 spell levels left.
You knew the following spells:

 Your Spells              Type           Power        Failure   Level  Hunger
a - Magic Dart            Conj           #...         8%          1    #......
b - Mephitic Cloud        Conj/Pois/Air  #.......     43%         3    ###....

Your spell library contained the following spells:

 Spells                   Type           Power        Failure   Level  Hunger
 Conjure Flame            Conj/Fire      #.......     36%         3    ###....
 Slow                     Hex            #.......     32%         2    ###....
 Blink                    Tloc           N/A          26%         2    ###....
 Call Imp                 Summ           #.......     26%         2    ###....


Dungeon Overview and Level Annotations

Branches:
Dungeon (2/15)

Altars:
Qazlal
Ru
Wu Jian
Zin

Annotations:
D:2 Sigmund


Innate Abilities, Weirdness & Mutations

You are too large for most types of armour.
You have claws for hands.
Your metabolism is lightning-fast.
You like to eat raw meat.
Your natural rate of healing is unusually fast.
You are covered in fur. (AC +1)
You have very tough skin. (AC +2)


Message History

You're too confused to move!
You are engulfed in noxious fumes.
You choke on the stench!
You are more confused.
You are engulfed in noxious fumes.
You choke on the stench!
You are more confused.
* * * LOW HITPOINT WARNING * * *
You are engulfed in noxious fumes.
You choke on the stench!
You are more confused.
* * * LOW HITPOINT WARNING * * *
You are engulfed in noxious fumes.
You choke on the stench!
You are more confused.
Sigmund points at you and mumbles some strange words.
The puff of flame hits you!
* * * LOW HITPOINT WARNING * * *
You bump into the rock wall.
You are engulfed in noxious fumes.
You choke on the stench!
You are more confused.
Sigmund points at you and mumbles some strange words.
The magic dart hits you!
You die...

#####################
#
#....§§§.§.§§@§@(...#
##.################$#
#.# #.# #####.#######
#........)..##
#####)#####..#
...)..# ##.# ......#
#.##


You could see Sigmund.

Vanquished Creatures
  Jessica (D:2)
  Terence (D:2)
  3 gnolls (D:2)
  3 adders (D:2)
  A worm (D:2)
  3 dart slugs
  A ball python (D:2)
  7 goblins
  A hobgoblin (D:1)
  4 jackals (D:2)
  A quokka (D:2)
  8 bats
  4 frilled lizards
  8 kobolds
  4 rats
50 creatures vanquished.

Notes
Turn   | Place    | Note
-------+----------+-------------------------------------------
     0 | D:1      | KristoblXynda the Troll Wizard began the quest for the Orb.
     0 | D:1      | Reached XP level 1. HP: 16/16 MP: 2/2
    51 | D:1      | Reached skill level 1 in Conjurations
   109 | D:1      | Reached skill level 1 in Unarmed Combat
   137 | D:1      | Reached XP level 2. HP: 24/24 MP: 4/4
   530 | D:2      | Reached XP level 3. HP: 26/31 MP: 5/5
   541 | D:2      | Learned a level 3 spell: Mephitic Cloud
   573 | D:2      | Found a glowing silver altar of Zin.
   653 | D:2      | Reached skill level 2 in Unarmed Combat
   671 | D:2      | Noticed Terence
   693 | D:2      | Killed Terence
   695 | D:2      | Reached XP level 4. HP: 28/39 MP: 6/6
   698 | D:2      | Found an ornate altar of the Wu Jian Council.
   709 | D:2      | Found a stormy altar of Qazlal.
   870 | D:2      | Found a sacrificial altar of Ru.
   920 | D:2      | Noticed Jessica
   932 | D:2      | Killed Jessica
   932 | D:2      | Reached skill level 3 in Unarmed Combat
  1164 | D:2      | Noticed Sigmund
  1165 | D:2      | Reached XP level 5. HP: 26/45 MP: 7/7
  1185 | D:2      | Killed from afar by Sigmund

Vault maps used:
D:1:      minmay_arrival_up_and_down
D:2:      cheibrodos_old_hovel, overflow_temple_1_default,
          nicolae_overflow_hidden_temple, overflow_temple_1_default,
          uniq_jessica, uniq_sigmund, uniq_terence

Skill      XL: |  1  2  3  4 |
---------------+-------------+-----
Conjurations   | 1 2 |  2.6
Unarmed Combat | 1 2 3 |  3.3
Dodging        | |  1.5
Stealth        | |  1.0
Spellcasting   | |  2.0
Summonings     | |  0.6
Translocations | |  0.6

Action                   |  1- 3 |  4- 6 || total
-------------------------+-------+-------++-------
Melee: Unarmed           |   140 |    58 ||   198
 Cast: Mephitic Cloud    |       |     1 ||     1
 Stab: Sleeping          |       |     1 ||     1
  Eat: Chunk             |    12 |     4 ||    16
Armor: Robe              |    85 |    20 ||   105
Dodge: Dodged            |    82 |    28 ||   110

Table legend:
 A = Spawn XP
 B = Non-spawn XP
 C = Spawn XP percentage of total XP
 D = Spawn monster count
 E = Non-spawn monster count
 F = Spawn count percentage of total count
 G = Total turns spent on level
                    A         B        C        D         E        F      G
               +---------+---------+-------+---------+---------+-------+---------
         Total |       0 |     229 |   0.0 |       0 |      50 |   0.0 |  1185
               +---------+---------+-------+---------+---------+-------+---------
           D:1 |       0 |      32 |   0.0 |       0 |      21 |   0.0 |   510
           D:2 |       0 |     197 |   0.0 |       0 |      29 |   0.0 |   675
               +---------+---------+-------+---------+---------+-------+---------
